 Dungeon Crawl Stone Soup version 0.25-a0-842-g81a31cfd23 (webtiles) character file.

Game seed: 7419690189245785428, levelgen mode: deterministic

918 Glundar the Bolt Thrower (level 7, 0/62 HPs)
             Began as a Minotaur Hunter on Apr 24, 2020.
             Was an Initiate of Okawaru.
             Slain by an orc priest
             ... wielding a +0 short sword
              (4 damage)
             ... on level 5 of the Dungeon.
             The game lasted 00:21:04 (5512 turns).

Glundar the Bolt Thrower (Minotaur Hunter)          Turns: 5512, Time: 00:21:04

Health: 0/62       AC:  4    Str: 16    XL:     7   Next: 83%
Magic:  6/6        EV: 14    Int:  8    God:    Okawaru [......]
Gold:   78         SH:  0    Dex: 13    Spells: 6/6 levels left

rFire    . . .     SeeInvis .   b - +4 dire flail (vorpal)
rCold    . . .     Gourm    .   (shield currently unavailable)
rNeg     . . .     Faith    .   c - +0 leather armour
rPois    .         Spirit   .   (helmet restricted)
rElec    .         Reflect  .   C - +0 cloak
rCorr    .         Harm     .   (no gloves)
MR       .....                  (no boots)
Stlth    ++........             (no amulet)
HPRegen  0.20/turn              (no ring)
MPRegen  0.10/turn              (no ring)

@: lethally poisoned (0 -> -1), hasted, very quick
A: retaliatory headbutt, horns 2
a: Renounce Religion


You were on level 5 of the Dungeon.
You worshipped Okawaru.
Okawaru was noncommittal.
You were not hungry.

You visited 2 branches of the dungeon, and saw 6 of its levels.

You collected 253 gold pieces.
You spent 175 gold pieces at shops.

Inventory:

Hand Weapons
 a - a +1 hand crossbow
 b - a +4 vorpal dire flail (weapon)
 l - a +2 spear of freezing
 n - a +2 short sword of speed
 p - a +0 short sword
 s - a +0 dagger of flaming
 v - a +3 short sword
 B - a +1 whip of freezing
Missiles
 h - 85 arrows
 o - 2 poisoned darts (quivered)
 y - 4 curare-tipped darts
Armour
 c - a +0 leather armour (worn)
 g - +0 fire dragon scales
 z - a +2 robe of resistance
 A - a -1 buckler
 C - a +0 cloak (worn)
Wands
 m - a wand of paralysis (7)
Scrolls
 e - 5 scrolls of teleportation
 i - 8 scrolls of identify {unknown}
 k - 7 scrolls of remove curse
 t - a scroll of enchant weapon {unknown}
 u - a scroll of immolation {unknown}
 w - a scroll of blinking {unknown}
 x - a scroll of holy word
Potions
 j - 2 potions of haste
 q - a potion of stabbing
 r - a potion of curing
 D - a potion of mutation {unknown}
Comestibles
 f - 10 rations


   Skills:
 + Level 5.7 Fighting
 + Level 6.6 Crossbows
 + Level 5.3 Dodging
 + Level 3.9 Stealth


You had 6 spell levels left.
You didn't know any spells.
Your spell library was empty.

Dungeon Overview and Level Annotations

Branches:
Dungeon (5/15)             Temple (1/1) D:4

Altars:
Fedhas
Gozag
Hepliaklqana
Kikubaaqudgha
Makhleb
Nemelex Xobeh
Okawaru
Ru
Sif Muna
Trog
Vehumet
Wu Jian
Yredelemnul
Zin
The Shining One

Shops:
D:4 *


Innate Abilities, Weirdness & Mutations

You reflexively headbutt those who attack you in melee.
You have a pair of horns on your head.


Message History

You struggle to resist.
The orc priest hits you with a +0 short sword.
You completely miss the orc priest.
You feel sick.
The orc priest hits you from afar with a +0 trident!
* * * LOW HITPOINT WARNING * * *
The orc priest hits you but does no damage.
The orc priest casts a cantrip, but nothing happens.
Your leather armour prevents you from hitting the orc priest.
You headbutt the orc priest.
The orc priest is moderately wounded.
The orc priest barely misses you.
The orc priest looks encouraged for a moment.
The orc priest hits you with a +0 short sword.
* * * LOW HITPOINT WARNING * * *
You feel yourself speed up.
The orc priest mumbles some strange prayers to Beogh against you.
Beogh smites you!
* * * LOW HITPOINT WARNING * * *
The orc priest hits you with a +0 short sword.
You die...

... .... ....######
......(.(#
........(# ....
.....o...# ......#
#.o.o(# ......#
#...@.# ......+
#...((+ ......#
+.....####......#
#.(..(..........#
#................
...........<.......
...................
.)..................
.
.............##(###.
..$


You could see 3 orc priests.

Vanquished Creatures
  An orc warrior (D:4)
  An ogre (D:4)
  A crimson imp (D:5)
  3 orc priests
  2 hounds (D:3)
  An iguana (D:5)
  A bullfrog skeleton (D:4)
  9 orc wizards
  A worker ant (D:3)
  A hound skeleton (D:4)
  7 gnolls
  4 adders
  An adder skeleton (D:4)
  6 worms
  2 dart slugs (D:2)
  A leopard gecko (D:2)
  22 orcs
  3 giant cockroaches
  5 goblins
  6 hobgoblins
  2 jackals (D:3)
  A quokka (D:4)
  2 ball pythons
  11 bats
  2 frilled lizards
  10 kobolds
  4 rats
110 creatures vanquished.

Notes
Turn   | Place    | Note
-------+----------+-------------------------------------------
     0 | D:1      | Glundar the Minotaur Hunter began the quest for the Orb.
     0 | D:1      | Reached XP level 1. HP: 18/18 MP: 0/0
   214 | D:1      | Reached skill level 1 in Stealth
   292 | D:1      | Reached XP level 2. HP: 25/25 MP: 1/1
   855 | D:2      | Found a glowing golden altar of the Shining One.
   903 | D:2      | You fall into a shaft and drop 2 floors!
   913 | D:3      | Reached XP level 3. HP: 25/31 MP: 2/2
  1344 | D:3      | Reached skill level 5 in Crossbows
  1344 | D:3      | Reached XP level 4. HP: 38/38 MP: 3/3
  1983 | D:2      | Reached XP level 5. HP: 46/46 MP: 4/4
  3049 | D:3      | Reached XP level 6. HP: 41/52 MP: 5/5
  3559 | D:3      | Reached skill level 6 in Crossbows
  3804 | D:4      | Reached XP level 7. HP: 51/60 MP: 6/6
  3863 | D:4      | Found a sacrificial altar of Ru.
  3884 | D:4      | Found Bovaprom's General Store.
  3892 | D:4      | Bought a scroll of remove curse for 39 gold pieces
  3892 | D:4      | Bought a scroll of teleportation for 39 gold pieces
  3892 | D:4      | Bought a scroll of holy word for 97 gold pieces
  4020 | D:4      | Reached skill level 5 in Fighting
  4431 | D:4      | Reached skill level 5 in Dodging
  4687 | D:4      | Found a staircase to the Ecumenical Temple.
  4701 | Temple   | Entered the Ecumenical Temple
  4868 | Temple   | Became a worshipper of Warmaster Okawaru
  5469 | D:5      | Entered Level 5 of the Dungeon
  5512 | D:5      | Slain by an orc priest

Levels and vault maps discovered:
D:1:      wander_arrival_fairy_ring, layout_basic
D:2:      layout_basic, nicolae_tso_carved_into_rock, first_ration
D:3:      layout_basic, hangedman_decor_push, nrook_mini_vaults, glass_columns_b
D:4:      layout_cave_pools, nicolae_ru_great_annihilating_truth,
          minmay_temple_entry_mist, serial_park, serial_park_square3
          [serial_park_minivault_5x5_4], serial_shops, shop_statue
D:5:      layout_gridville, enter_ossuary_4, uniq_sigmund
Temple:   oiseaux_autumnal_temple

Skill      XL: |  1  2  3  4  5  6  7 |
---------------+----------------------+-----
Stealth        | 1 2 3 |  3.9
Fighting       | 3 4 5 |  5.7
Crossbows      | 5 6 |  6.6
Dodging        | 3 4 5 |  5.3

Action                   |  1- 3 |  4- 6 |  7- 9 || total
-------------------------+-------+-------+-------++-------
Melee: Short sword       |    17 |       |       ||    17
       Headbutt          |     4 |    26 |    15 ||    45
       Whip              |       |   131 |    61 ||   192
       Hand crossbow     |       |     1 |       ||     1
       Dire flail        |       |       |    15 ||    15
 Fire: Hand crossbow     |    58 |    38 |    24 ||   120
Throw: Dart              |       |     4 |     8 ||    12
  Use: Potion            |       |       |     4 ||     4
       Scroll            |       |       |     1 ||     1
 Stab: Paralysed         |       |       |     1 ||     1
  Eat: Chunk             |     1 |     8 |     5 ||    14
Armor: Fire dragon scale |    12 |    76 |    28 ||   116
       Leather armour    |       |       |     2 ||     2
Dodge: Dodged            |    11 |    97 |    34 ||   142

Table legend:
 A = Non-vault XP
 B = Vault XP
 C = Vault XP percentage of total XP
 D = Non-vault monster count
 E = Vault monster count
 F = Vault count percentage of total count
                 A         B        C        D         E       F
            +---------+---------+-------+---------+---------+-------
      Total |    1257 |      55 |   4.2 |     104 |       6 |   5.5
            +---------+---------+-------+---------+---------+-------
        D:1 |      22 |       0 |   0.0 |      17 |       0 |   0.0
        D:2 |      87 |       0 |   0.0 |      19 |       0 |   0.0
        D:3 |     445 |      16 |   3.5 |      38 |       2 |   5.0
        D:4 |     591 |      39 |   6.2 |      25 |       4 |  13.8
        D:5 |     112 |       0 |   0.0 |       5 |       0 |   0.0
            +---------+---------+-------+---------+---------+-------
